 Dungeon Crawl Stone Soup version 0.19-a0-1107-gc676ff4 (console) character file.

59 brucemayne the Chopper (level 3, -3/42 HPs)
             Began as a Vampire Berserker on Aug 9, 2016.
             Was a Follower of Trog.
             Slain by a centaur (5 damage)
             ... on level 5 of the Dungeon.
             The game lasted 00:02:17 (493 turns).

brucemayne the Chopper (Vampire Berserker)           Turns: 493, Time: 00:02:18

Health: -3/42      AC:  5    Str: 24    XL:     3   Next: 78%
Magic:  3/3        EV: 12    Int:  9    God:    Trog [*.....]
Gold:   42         SH:  0    Dex: 15    Spells: 0 memorised, 2 levels left

rFire  . . .     SeeInvis +     a - +0 hand axe
rCold  . . .     Gourm    .     m - +0 ring mail
rNeg   . . .     Faith    .     (no shield)
rPois  .         Spirit   .     (no helmet)
rElec  .         Dismiss  .     (no cloak)
rCorr  .         Reflect  .     (no gloves)
SustAt .         Harm     .     (no boots)
MR     .....                    (no amulet)
Stlth  ..........               n - ring "Suih" {*Corrode +Blink Str+2 Dex+2 Stlth+}
                                h - ring of wizardry (curse)

@: berserking (expiring), regenerating quickly, very quick
A: fangs 3, see invisible, unbreathing
a: Berserk, Burn Spellbooks, Renounce Religion, Evoke Blink


You were on level 5 of the Dungeon.
You worshipped Trog.
Trog was aware of your devotion.
You were full.

You visited 1 branch of the dungeon, and saw 6 of its levels.

You collected 42 gold pieces.

Inventory:

Hand Weapons
 a - a +0 hand axe (weapon)
Armour
 b - a +0 animal skin
 m - a +0 ring mail (worn)
Jewellery
 h - a cursed ring of wizardry (left hand)
 i - an uncursed amulet of dismissal
 n - the ring "Suih" (right hand) {*Corrode +Blink Str+2 Dex+2 Stlth+}
   (You found it on level 5 of the Dungeon)

   [ring of stealth]

   It affects your strength (+2).
   It affects your dexterity (+2).
   It lets you blink.
   It may corrode you when you take damage.
   It makes you more stealthy.
Scrolls
 d - a scroll of fog {unknown}
 e - 2 scrolls of remove curse {unknown}
 f - 2 scrolls of fear {unknown}
 g - a scroll of blinking {unknown}
 k - a scroll of identify {unknown}
 l - a scroll of immolation {unknown}
 o - a scroll of magic mapping {unknown}
Potions
 c - 2 potions of blood
 j - a potion of brilliance {unknown}


   Skills:
 - Level 2.6 Fighting
 + Level 4.3 Axes
 - Level 1.5 Armour
 - Level 2.1 Dodging


You had 2 spell levels left.
You didn't know any spells.

Dungeon Overview and Level Annotations

Branches:
Dungeon (6/15)
 Temple: D:4-7

Altars:


Innate Abilities, Weirdness & Mutations

Your natural rate of healing is unusually fast.
You have razor-sharp teeth.
You have supernaturally acute eyesight. (SInv)
You can survive without breathing.


Message History

A centaur opens the door.
The centaur wields a runed shortbow.
It is covered in frost.
The centaur shoots an arrow.
The arrow hits you. The arrow freezes you.
You see here an arrow.
The centaur unwields an uncursed shortbow of freezing.
The centaur hits you.
There is an open door here.
Yummy - fresh blood!
The centaur misses you. The centaur hits you.
A red film seems to cover your vision as you go berserk!
You feel yourself moving faster!
You feel mighty!
You feel somewhat less full. The centaur hits you!
* * * LOW HITPOINT WARNING * * *
You barely miss the centaur. The centaur misses you.
You barely miss the centaur. The centaur closely misses you.
You hit the centaur but do no damage. Your bite misses the centaur.
The centaur hits you!
* * * LOW HITPOINT WARNING * * *
You barely miss the centaur. You bite the centaur, but do no damage.
The centaur hits you.
You die...

##### #### #...#....+
#...+....# ### #.#
#...#
##...###.####...#
#....c@(........#
#.....#.........#
#.....#.........#
#.....#.........#
###############.##..#
#....#...######.##..#
#....#..........#...#
#....#..........#...#
#....#..........#...#


You could see a centaur.

Vanquished Creatures
  A howler monkey (D:5)
  A giant cockroach (D:4)
  3 goblins
  A hobgoblin (D:1)
  6 jackals
  A quokka (D:3)
  A bat (D:3)
  2 giant newts (D:3)
  A kobold (D:3)
  2 rats
19 creatures vanquished.

Notes
Turn   | Place    | Note
-------+----------+-------------------------------------------
     0 | D:1      | brucemayne the Vampire Berserker began the quest for the Orb.
     0 | D:1      | Reached XP level 1. HP: 17/17 MP: 1/1
    74 | D:3      | Reached skill level 3 in Axes
   137 | D:3      | Reached XP level 2. HP: 14/23 MP: 2/2
   392 | D:5      | Entered Level 5 of the Dungeon
   426 | D:6      | Noticed an ogre
   446 | D:5      | Got a bound brass ring
   447 | D:5      | Identified the ring "Suih" {*Corrode +Blink Str+2 Dex+2 Stlth+} (You found it on level 5 of the Dungeon)
   475 | D:5      | Noticed a howler monkey
   484 | D:5      | Killed a howler monkey
   484 | D:5      | Reached skill level 4 in Axes
   484 | D:5      | Reached XP level 3. HP: 20/28 MP: 3/3
   486 | D:5      | Noticed a centaur
   492 | D:5      | HP: 2/42 [centaur (7)]
   493 | D:5      | Slain by a centaur

Vault maps used:
D:1:      minmay_arrival_solitary_statue, minmay_misc_feat_enclosed,
          nicolae_ashenzari_panopticon
D:2:      uniq_jessica
D:3:      portal_sewer_entry_a, first_bread

Skill      XL: |  1  2 |
---------------+-------+-----
Axes           | 3 4 |  4.3
Fighting       | |  2.6
Armour         | |  1.5
Dodging        | |  2.1

Action                   || total
-------------------------++-------
Melee: Hand axe          ||    50
       Bite              ||     9
Invok: Berserk           ||     1
  Use: Potion            ||     3
Armor: Animal skin       ||    13
       Ring mail         ||     1
Dodge: Dodged            ||    38
